 Dungeon Crawl Stone Soup version 0.24-a0-271-ga0fc33f (webtiles) character file.

Game seed: 5377731706119005959

268 Hasart the Shield-Bearer (level 6, -5/38 HPs)
             Began as a Gargoyle Fighter on Apr 23, 2019.
             Slain by an ogre
             ... wielding a +0 giant club
              (21 damage)
             ... on level 4 of the Dungeon on Apr 24, 2019.
             The game lasted 00:04:28 (2791 turns).

Hasart the Shield-Bearer (Gargoyle Fighter)         Turns: 2791, Time: 00:04:29

Health: -5/38      AC: 12    Str: 20    XL:     6   Next: 21%
Magic:  6/6        EV:  8    Int: 10    God:
Gold:   133        SH:  9    Dex:  9    Spells: 5/5 levels left

rFire    . . .     SeeInvis .   a - +0 flail
rCold    . . .     Gourm    .   c - +0 shield
rNeg     + . .     Faith    .   b - +0 scale mail
rPois    ∞         Spirit   .   (no helmet)
rElec    +         Reflect  .   o - +0 cloak {+Inv}
rCorr    .         Harm     .   (no gloves)
MR       .....                  (no boots)
Stlth    ..........             p - amulet of the acrobat
HPRegen  0.12/turn              (no ring)
MPRegen  0.10/turn              (no ring)

@: no status effects
A: negative energy resistance 1, electricity resistance, unbreathing,
petrification resistance, rot immunity, AC +4
a: Evoke Invisibility


You were on level 4 of the Dungeon.
You were hungry.

You visited 1 branch of the dungeon, and saw 4 of its levels.

You collected 133 gold pieces.

Inventory:

Hand Weapons
 a - a +0 flail (weapon)
Armour
 b - a +0 scale mail (worn)
 c - a +0 shield (worn)
 o - a +0 cloak of invisibility (worn)
Jewellery
 p - an amulet of the acrobat (around neck)
Scrolls
 e - 2 scrolls of teleportation {unknown}
 i - a scroll of noise {unknown}
 k - a scroll of identify {unknown}
 l - 4 scrolls of remove curse {unknown}
 m - a scroll of immolation {unknown}
 n - 2 scrolls of amnesia {unknown}
Potions
 d - a potion of might
 g - a potion of haste {unknown}
 h - a potion of flight {unknown}
 j - a potion of heal wounds {unknown}
 r - a potion of berserk rage {unknown}
Comestibles
 f - 7 rations
 q - 3 chunks of flesh


   Skills:
 + Level 4.1 Fighting
 * Level 3.9 Maces & Flails
 + Level 4.1 Armour
 + Level 1.7 Dodging
 + Level 4.2 Shields
 + Level 1.0 Evocations


You had 5 spell levels left.
You didn't know any spells.
Your spell library was empty.

Dungeon Overview and Level Annotations

Branches:
Dungeon (4/15)
 Temple: D:4-7

Altars:
Makhleb
Wu Jian
Xom


Innate Abilities, Weirdness & Mutations

You are resistant to torment.
Your stone body is resilient. (AC +4)
You are immune to poison.
You resist negative energy. (rN+)
You are resistant to electric shocks. (rElec)
You can survive without breathing.
You are immune to petrification.
You are immune to rotting.


Message History

The ogre hits you with a +0 giant club!
You see here 26 arrows.
You hit the ogre but do no damage.
The ogre is lightly wounded.
The ogre closely misses you.
You hit the ogre.
The ogre is moderately wounded.
You block the ogre's attack. The ogre completely misses you.
You hit the ogre.
The ogre is moderately wounded.
Found a flail.
You hit the ogre.
The ogre is moderately wounded.
The ogre closely misses you.
You hit the ogre.
The ogre is heavily wounded.
The ogre hits you with a +0 giant club!!
Ouch! That really hurt!
You die...

... ## .. ###)#
.. .....###.#
.........#
.........#
.........# #@#
#O# #.# .#
.######.####...#
......#(.......#
#....####.#
##........#
##÷.#.######
#..##..#


You could see an ogre.

Vanquished Creatures
  A scorpion (D:4)
  An orc wizard (D:3)
  Crazy Yiuf (D:3)
  An orc priest (D:3)
  3 adders
  3 oozes
  3 worms
  4 dart slugs
  2 leopard geckos
  7 orcs (D:3)
  A bat (D:3)
  6 giant cockroaches
  6 hobgoblins
  5 jackals
  4 kobolds
  2 quokkas
  3 frilled lizards
  8 goblins
  10 rats
  A fungus (D:3)
72 creatures vanquished.

Notes
Turn   | Place    | Note
-------+----------+-------------------------------------------
     0 | D:1      | Hasart the Gargoyle Fighter began the quest for the Orb.
     0 | D:1      | Reached XP level 1. HP: 14/14 MP: 1/1
   173 | D:1      | Reached XP level 2. HP: 19/19 MP: 2/2
   591 | D:1      | Reached XP level 3. HP: 23/23 MP: 3/3
  1123 | D:2      | Reached skill level 1 in Dodging
  1123 | D:2      | Reached XP level 4. HP: 26/29 MP: 4/4
  1871 | D:3      | Found a runed translucent door.
  1872 | D:3      | Noticed Crazy Yiuf
  1881 | D:3      | Killed Crazy Yiuf
  1881 | D:3      | Reached XP level 5. HP: 31/33 MP: 5/5
  2062 | D:3      | Found a shimmering altar of Xom.
  2064 | D:3      | Found a shimmering altar of Xom.
  2424 | D:3      | Found a shimmering altar of Xom.
  2432 | D:3      | Found a shimmering altar of Xom.
  2631 | D:3      | Found a burning altar of Makhleb.
  2632 | D:3      | Found an ornate altar of the Wu Jian Council.
  2685 | D:4      | Reached XP level 6. HP: 36/38 MP: 6/6
  2702 | D:4      | Reached skill level 1 in Evocations
  2791 | D:4      | Slain by an ogre

Levels and vault maps discovered:
D:1:      lemuel_arrival_tunnels, layout_basic, serial_forest,
          infiniplex_forest_straight_2, infiniplex_forest_end_1,
          infiniplex_forest_end_double, infiniplex_forest_lined_2,
          infiniplex_forest_straight_5, infiniplex_forest_clump_medium,
          infiniplex_forest_straight_4
D:2:      layout_loops_ring
D:3:      layout_rooms, gammafunk_temple_overflow_pools, xom_redecorated,
          serial_forest, infiniplex_forest_clump_curved,
          infiniplex_forest_3_way, infiniplex_forest_lined_corner,
          infiniplex_forest_clump_diagonal, infiniplex_forest_pool,
          infiniplex_forest_end_1, infiniplex_forest_lined_room_,
          infiniplex_forest_clump_tiny, uniq_crazy_yiuf_cottage
D:4:      layout_rooms, grunt_gozag_statues, uniq_blork_the_orc, uniq_eustachio

Skill      XL: |  1  2  3  4  5  6 |
---------------+-------------------+-----
Maces & Flails | 3 |  3.9
Dodging        | 1 |  1.7
Fighting       | 4 |  4.1
Shields        | 4 |  4.2
Armour         | 4 |  4.1
Evocations     | 1 |  1.0

Action                   |  1- 3 |  4- 6 || total
-------------------------+-------+-------++-------
Melee: Flail             |    91 |   200 ||   291
  Eat: Chunk             |     1 |     5 ||     6
Armor: Scale mail        |    46 |    88 ||   134
Dodge: Dodged            |    20 |    78 ||    98
Block: Shield            |    40 |   102 ||   142

Table legend:
 A = Non-vault XP
 B = Vault XP
 C = Vault XP percentage of total XP
 D = Non-vault monster count
 E = Vault monster count
 F = Vault count percentage of total count
                 A         B        C        D         E       F
            +---------+---------+-------+---------+---------+-------
      Total |     343 |      41 |  10.7 |      70 |       1 |   1.4
            +---------+---------+-------+---------+---------+-------
        D:1 |      44 |       0 |   0.0 |      21 |       0 |   0.0
        D:2 |      65 |       0 |   0.0 |      18 |       0 |   0.0
        D:3 |     155 |      41 |  20.9 |      24 |       1 |   4.0
        D:4 |      79 |       0 |   0.0 |       7 |       0 |   0.0
            +---------+---------+-------+---------+---------+-------
